 Dungeon Crawl Stone Soup version 0.28.0-53-g5a82cb258f (webtiles) character file.

Game seed: 7962776438668587432

40643 LustLizard the Severer (level 13, -3/119 HPs)
             Began as a Minotaur Berserker on July 16, 2022.
             Was a High Priest of Trog.
             Killed from afar by an ogre mage (32 damage)
             ... with a bolt of magma
             ... on level 2 of the Orcish Mines.
             The game lasted 00:40:58 (22759 turns).

LustLizard the Severer (Minotaur Berserker)        Turns: 22759, Time: 00:40:59

Health: -3/119     AC: 15    Str: 24    XL:     13   Next: 75%
Magic:  12/12      EV: 14    Int:  6    God:    Trog [*****.]
Gold:   1737       SH:  0    Dex: 11    Spells: 12/12 levels left

rFire   . . .      SeeInvis +   x - +8 halberd (venom)
rCold   . . .      Faith    .   (shield currently unavailable)
rNeg    . . .      Spirit   .   l - +2 scale mail {rPois}
rPois   +          Reflect  .   Z - +2 hat {Stlth+}
rElec   .          Harm     .   u - +2 cloak
rCorr   .          Rampage  .   p - +0 pair of gloves
Will    .....                   P - +0 pair of boots
Stlth   +.........              (no amulet)
HPRegen 0.29/turn               h - ring of see invisible
MPRegen 0.13/turn               A - +4 ring of evasion

@: no status effects
A: horns 2, retaliatory headbutt
a: Renounce Religion, Berserk, Trog's Hand, Brothers in Arms


You were on level 2 of the Orcish Mines.
You worshipped Trog.
Trog was extremely pleased with you.
You visited 3 branches of the dungeon, and saw 18 of its levels.

You collected 1773 gold pieces.
You spent 36 gold pieces at shops.

Inventory:

Hand Weapons
 x - a +8 halberd of venom (weapon)
 F - a +1 antimagic broad axe
 O - a +1 war axe of venom
Missiles
 e - 476 stones
 m - 25 poisoned darts
 w - 12 boomerangs (quivered)
 J - 2 throwing nets
 K - 4 atropa-tipped darts
Armour
 k - the +2 shield of Resistance {rF++ rC++ Will++}
   (You found it on level 11 of the Dungeon)

   rF:        It greatly protects you from fire.
   rC:        It greatly protects you from cold.
   Will:      It greatly increases your willpower.
 l - a +2 scale mail of poison resistance (worn)
 p - a +0 pair of gloves (worn)
 u - a +2 cloak (worn)
 P - a +0 pair of boots (worn)
 Z - a +2 hat of stealth (worn)
Jewellery
 h - a ring of see invisible (left hand)
 j - a +4 ring of evasion
 t - a ring of protection from cold
 A - a +4 ring of evasion (right hand)
 C - a ring of protection from cold
 S - a ring of protection from fire
Wands
 r - a wand of flame (19)
 L - a wand of digging (4)
 T - a wand of iceblast (20)
 V - a wand of paralysis (2)
 W - a wand of charming (4)
 X - a wand of acid (11)
Scrolls
 d - 3 scrolls of immolation
 o - 4 scrolls of teleportation
 q - a scroll of enchant armour {unknown}
 v - 2 scrolls of brand weapon
 y - 2 scrolls of enchant weapon
 B - 2 scrolls of magic mapping
 D - 3 scrolls of fog
 E - a scroll of noise
 I - 4 scrolls of blinking
 M - a scroll of fear
 Q - a scroll of summoning
Potions
 a - 3 potions of flight {unknown}
 c - a potion of cancellation
 f - a potion of lignification {unknown}
 g - a potion of magic {unknown}
 i - 7 potions of curing
 n - 3 potions of mutation
 s - 2 potions of degeneration
 z - a potion of heal wounds
 G - a potion of haste
 R - 2 potions of might
 U - 10 potions of ambrosia
 Y - a potion of resistance {unknown}
Miscellaneous
 b - a phantom mirror


   Skills:
 + Level 12.7 Fighting
 * Level 17.0 Axes
 * Level 14.2 Throwing
 - Level 2.4 Armour
 - Level 2.1 Dodging
 * Level 3.9 Shields
 * Level 7.5 Evocations


You had 12 spell levels left.
You didn't know any spells.
Your spell library was empty.

Dungeon Overview and Level Annotations

Branches:
Dungeon (11/15)            Temple (0/1) D:5            Lair (5/6) D:9
  Swamp (0/4) Lair:3       Spider (0/4) Lair:2          Orc (2/2) D:11
    Elf (0/3) Orc:2
  Slime: Lair:5-6

Altars:
Cheibriados
Fedhas
Sif Muna
Vehumet
Beogh

Shops:
D:4 !   Orc:2 *

Annotations:
D:9 2 transporters


Innate Abilities, Weirdness & Mutations

You have a pair of horns on your head.
You reflexively headbutt those who attack you in melee.


Message History

You closely miss the ogre. You headbutt the ogre!
The ogre is moderately wounded.
The ogre barely misses you.
The ogre mage hits you from afar with a +0 spear!
You hear a shout!
You hit the ogre.
The ogre is poisoned.
You headbutt the ogre.
The ogre is severely wounded.
An ogre comes into view. It is wielding a +0 giant club.
The ogre mage points at you and mumbles some strange words.
The bolt of magma hits you!
* * * LOW HITPOINT WARNING * * *
The ogre closely misses you. You furiously retaliate!
You headbutt the ogre!
You kill the ogre!
Trog accepts your kill.
Your ogre closely misses the ogre.
You hear a shout! x2; You hear two shouts!
The orc warrior hits you but does no damage.
Something hits your ogre!
You hear a shout!
You see here a +0 giant club.
You puncture the orc warrior!
The orc warrior is poisoned.
The orc warrior is severely wounded.
The orc warrior hits you but does no damage.
You hear a shout!
You hit the orc warrior.
The orc warrior looks as sick as possible!
You headbutt the orc warrior.
The orc warrior is almost dead.
You kill the orc warrior!
Trog accepts your kill.
Reach: x) +8 halberd (venom)
Press: ? - help, Dir - move target, f/p - ogre mage
Aim: an ogre mage, wielding a +0 spear and wearing a +0 robe (moderately wounded, slightly transparent, very poisoned, about 21% to evade your +8 halberd of venom)
You reach to attack!
You puncture the ogre mage!
The ogre mage looks as sick as possible!
The ogre mage is severely wounded.
Your ogre rages.
The ogre mage points at you and mumbles some strange words.
The bolt of magma hits you!!
You die...

### ..###
....####
........
##........
#####......._.
##.#...........
#.....@)#......
##.#.)##O......
#.).O.......
##.O##.......
##..T....O....
##.#...........
#..............
##.#..##....O..
#.....##.......


You could see an ogre mage (invisible, extremely poisoned), a troll (ally
target) and a friendly ogre (summoned, berserk).

Vanquished Creatures
  Gastronok (Lair:1)
  Harold (D:7)
  2 hydras
  Erolcha (Orc:1)
  4 two-headed ogres
  2 orc high priests (Orc:2)
  Sonja (Lair:1)
  An orc knight (Orc:1)
  Pikel (D:4)
  A wolf spider (Lair:2)
  An orc sorcerer (Orc:1)
  3 oklob plants
  3 black mambas
  Joseph (D:7)
  2 centaur zombies
  Maurice (D:11)
  10 elephants
  A gargoyle (D:10)
  5 komodo dragons
  11 cane toads
  An unseen horror (D:11)
  Psyche (D:8)
  A kobold demonologist (D:9)
  A rime drake (Lair:2)
  A queen bee (D:10)
  6 trolls
  2 polar bears
  A meliai zombie (D:6)
  An air elemental (D:10)
  A shadow (D:10)
  A wraith (D:10)
  A water elemental (D:10)
  2 wyverns
  A basilisk (Lair:3)
  A fire elemental (D:10)
  32 yaks
  2 steam dragons
  A redback (Lair:2)
  Menkaure (D:5)
  3 swamp worms (Lair:3)
  2 wargs
  Duvessa (D:4)
  10 water moccasins
  18 orc warriors
  A hornet zombie (D:9)
  2 ice beasts
  3 sky beasts
  A black bear (Lair:2)
  11 ogres
  4 centaurs
  A necrophage (D:4)
  2 lemures (D:4)
  Blork the orc (D:4)
  2 kobold brigands
  14 bullfrogs
  A gnoll sergeant (D:5)
  An earth elemental (D:10)
  3 scorpions
  Dowan (D:4)
  A water moccasin skeleton (D:7)
  31 killer bees
  10 wights
  5 howler monkeys
  4 hounds
  16 orc priests
  2 centaur skeletons
  A jelly (D:5)
  A bullfrog skeleton (D:5)
  5 iguanas
  14 orc wizards
  Natasha (thrice) (D:2)
  A scorpion zombie (D:5)
  2 howler monkey zombies
  Robin (D:3)
  4 gnolls (D:5)
  6 adders
  2 white imps (D:6)
  An ufetubus (D:5)
  An adder skeleton (D:4)
  2 worms
  3 dart slugs
  58 orcs
  13 ball pythons
  3 bats
  5 endoplasms
  6 giant cockroaches
  11 goblins
  10 hobgoblins
  6 jackals
  23 kobolds
  2 quokkas
  2 frilled lizards
  6 rats
  A spectral kobold (D:1)
455 creatures vanquished.

Vanquished Creatures (collateral kills)
  An orc warrior (Orc:1)
  An ogre (Orc:2)
  3 orcs
5 creatures vanquished.

Vanquished Creatures (others)
  An orc wizard (D:6)
  An orc (Orc:1)
  10 fungi
  12 plants
24 creatures vanquished.

Grand Total: 484 creatures vanquished

Notes
Turn   | Place    | Note
-------+----------+-------------------------------------------
     0 | D:1      | LustLizard the Minotaur Berserker began the quest for the
                  | Orb.
     0 | D:1      | Reached XP level 1. HP: 19/19 MP: 0/0
   177 | D:1      | Found a faded altar of an unknown god.
   249 | D:1      | Reached skill level 4 in Axes
   310 | D:1      | Reached XP level 2. HP: 25/27 MP: 1/1
   970 | D:2      | Reached skill level 1 in Throwing
  1142 | D:2      | Found a shimmering blue altar of Sif Muna.
  1222 | D:2      | Reached XP level 3. HP: 32/33 MP: 2/2
  1360 | D:2      | Reached ** piety under Trog
  1629 | D:2      | Found Wenny's General Store.
  1685 | D:2      | Noticed Natasha
  1693 | D:2      | Killed Natasha
  1694 | D:2      | Reached XP level 4. HP: 39/40 MP: 3/3
  1776 | D:2      | Noticed Natasha
  1787 | D:2      | Killed Natasha
  1788 | D:2      | Reached skill level 5 in Axes
  1932 | D:2      | Noticed Natasha
  1950 | D:2      | Killed Natasha
  2069 | D:3      | Reached XP level 5. HP: 42/45 MP: 4/4
  2335 | D:3      | Noticed Robin
  2349 | D:3      | Killed Robin
  2460 | D:3      | Noticed a centaur
  2474 | D:3      | Reached *** piety under Trog
  2491 | D:3      | Killed a centaur
  2492 | D:3      | Reached XP level 6. HP: 40/55 MP: 5/5
  2763 | D:3      | Reached skill level 5 in Fighting
  2763 | D:3      | Reached skill level 6 in Axes
  3014 | D:4      | Noticed a sky beast
  3020 | D:4      | Killed a sky beast
  3260 | D:4      | Reached XP level 7. HP: 61/61 MP: 6/6
  3273 | D:4      | Noticed Blork the orc
  3285 | D:4      | Killed Blork the orc
  3355 | D:4      | Noticed Pikel
  3372 | D:4      | Reached skill level 7 in Axes
  3396 | D:4      | Killed Pikel
  3397 | D:4      | Reached skill level 8 in Axes
  3397 | D:4      | Reached skill level 5 in Throwing
  3397 | D:4      | Reached XP level 8. HP: 38/70 MP: 7/7
  3713 | D:4      | Found Pesseg's Distillery.
  3716 | D:4      | Bought a potion of curing for 36 gold pieces
  3846 | D:4      | Noticed Duvessa
  3853 | D:4      | Killed Duvessa
  3855 | D:4      | Noticed Dowan
  3860 | D:4      | Killed Dowan
  4188 | D:5      | Entered Level 5 of the Dungeon
  4241 | D:5      | Reached skill level 9 in Axes
  4508 | D:5      | Found a staircase to the Ecumenical Temple.
  4563 | D:5      | Reached **** piety under Trog
  4589 | D:5      | Reached XP level 9. HP: 69/79 MP: 8/8
  4729 | D:5      | Found a snail-covered altar of Cheibriados.
  4756 | D:5      | Reached skill level 10 in Axes
  4767 | D:5      | You fall into a shaft and drop 2 floors!
  5315 | D:5      | Noticed Menkaure
  5320 | D:5      | Killed Menkaure
  5348 | D:5      | Reached skill level 11 in Axes
  6022 | D:6      | Reached XP level 10. HP: 35/90 MP: 9/9
  6495 | D:7      | Noticed Harold
  6521 | D:7      | Killed Harold
  6675 | D:7      | Reached skill level 12 in Axes
  6994 | D:7      | Noticed Joseph
  7205 | D:7      | Killed Joseph
  7361 | D:8      | Reached ***** piety under Trog
  7462 | D:8      | Reached skill level 10 in Throwing
  8023 | D:8      | Reached skill level 13 in Axes
  8025 | D:8      | Received a gift from Trog
  8100 | D:8      | Noticed Psyche
  8108 | D:8      | Killed Psyche
  8506 | D:9      | Reached XP level 11. HP: 99/99 MP: 10/10
  8572 | D:9      | Found a staircase to the Lair.
  8648 | D:9      | Reached skill level 10 in Fighting
  9340 | D:9      | Found a transporter.
  9340 | D:9      | Noticed an orc sorcerer
  9359 | D:9      | Noticed a fire crab
  9387 | D:9      | Found a transporter.
  9387 | D:9      | Found the +7 great mace "Firestarter" {inner flame, rF++}
 10076 | D:10     | Entered Level 10 of the Dungeon
 10414 | D:10     | Noticed a two-headed ogre
 10424 | D:10     | Killed a two-headed ogre
 10484 | D:10     | Reached skill level 14 in Axes
 10533 | D:10     | Found a large runed translucent door.
 10533 | D:10     | Found a large runed translucent door.
 10589 | D:10     | Noticed a two-headed ogre
 10602 | D:10     | Killed a two-headed ogre
 10700 | D:10     | Reached skill level 1 in Evocations
 11036 | D:10     | Paralysed by an air elemental for 1 turns
 11802 | D:11     | Received a gift from Trog
 11821 | D:11     | Noticed a two-headed ogre
 11822 | D:11     | Noticed a two-headed ogre
 12044 | Lair:1   | Entered Level 1 of the Lair of Beasts
 12062 | D:9      | Reached XP level 12. HP: 13/110 MP: 11/11
 12441 | Lair:1   | Noticed a five-headed hydra
 12465 | D:9      | Killed a six-headed hydra
 12466 | D:9      | Reached skill level 15 in Axes
 12487 | Lair:1   | Noticed Sonja
 12500 | Lair:1   | Killed Sonja
 12774 | Lair:1   | Noticed Gastronok
 12807 | Lair:1   | Killed Gastronok
 14045 | Lair:2   | Found a radiant altar of Vehumet.
 14226 | Lair:2   | Found a hole to the Spider Nest.
 14741 | Lair:2   | Noticed a five-headed hydra
 14749 | Lair:2   | Killed a five-headed hydra
 14750 | Lair:2   | Reached skill level 5 in Evocations
 15947 | Lair:3   | Found a blossoming altar of Fedhas.
 15954 | Lair:3   | Reached skill level 16 in Axes
 16253 | Lair:3   | Found a staircase to the Swamp.
 17191 | Lair:4   | Reached XP level 13. HP: 99/118 MP: 12/12
 19650 | D:11     | Found the +2 shield of Resistance {rF++ rC++ Will++}
 19817 | D:11     | Reached skill level 1 in Shields
 20059 | D:11     | Identified the +5 chain mail of Renon {Contam Rampage rF++
                  | Str+4}
 20223 | D:11     | Found a staircase to the Orcish Mines.
 20263 | Orc:1    | Entered Level 1 of the Orcish Mines
 20263 | Orc:1    | Noticed Maurice
 20274 | D:11     | Killed Maurice
 21025 | Orc:2    | Entered Level 2 of the Orcish Mines
 21071 | Orc:2    | Received a gift from Trog
 21136 | Orc:2    | Found Jiatse's Overcharged Wands.
 21380 | Orc:2    | Found a staircase to the Elven Halls.
 21575 | Orc:1    | Noticed Erolcha
 21586 | Orc:1    | Killed Erolcha
 22250 | Orc:2    | Noticed an orc warlord
 22275 | Orc:1    | Reached skill level 17 in Axes
 22759 | Orc:2    | Killed from afar by an ogre mage

Illustrated notes

Levels and vault maps discovered:
D:1:      eino_arrival_cavern_d, layout_basic,
          dreamdust_ecumenical_altar_drowned_temple
D:2:      layout_loops_cross, basic_altar, serial_shops,
          nicolae_shop_hallway_stairs, nicolae_underground_beach, uniq_natasha
D:3:      layout_basic, uniq_robin
D:4:      layout_loops_ring, serial_shops, kennysheep_mini,
          chequers_serial_rivers_micro_a, st_stairs_12, uniq_blork_the_orc,
          uniq_duvessa, uniq_pikel
D:5:      layout_loops_ring, kennysheep_mini_moat,
          minmay_temple_entry_mini_moons, uniq_menkaure
D:6:      layout_rooms, serial_bayou_pond_b
D:7:      layout_rooms, uniq_joseph, uniq_harold
D:8:      layout_loops_corners, uniq_psyche
D:9:      gammafunk_wand_slinger, layout_layer_cave, dpeg_oklobed_lair,
          minmay_misc_feat_x, minmay_misc_feat_enclosed
D:10:     layout_roguey [special_room_bee], enter_bailey_2,
          lightli_elemental_guards
D:11:     layout_layer_cave, david_orc_2, minmay_holes
Lair:1:   layout_regular_city, uniq_gastronok, uniq_sonja
Lair:2:   layout_loops_ring, spider_nest_entry_funnel_web, basic_altar,
          minmay_lair_oklob_items, grunt_megastairs_4
Lair:3:   layout_gridlike, minmay_swamp_entry_worms, hangedman_tree_tricks,
          infiniplex_staircase_pool
Lair:4:   layout_concentric_octagons
Lair:5:   layout_loops_ring, minmay_slime_entry_pillars
Orc:1:    layout_diamond_mine, uniq_maurice, uniq_erolcha
Orc:2:    st_orc_open, layout_diamond_mine, basic_altar,
          nicolae_shop_overcharged_wands

Skill      XL: |  1  2  3  4  5  6  7  8  9 10 11 12 13 |
---------------+----------------------------------------+-----
Axes           | 4 5 6 8 9 11 13 14 16 17 | 17.0
Fighting       | 4 5 6 7 8 9 11 12 | 12.7
Throwing       | 1 2 3 4 5 7 9 10 12 13 14 | 14.2
Evocations     | 2 5 7 |  7.5
Shields        | 3 |  3.9
Armour         | |  2.4
Dodging        | |  2.1

Action                   |  1- 3 |  4- 6 |  7- 9 | 10-12 | 13-15 || total
-------------------------+-------+-------+-------+-------+-------++-------
Melee: Hand axe          |    87 |    47 |    45 |       |       ||   179
       Headbutt          |    12 |    16 |    27 |    82 |    60 ||   197
       Punch             |     1 |     2 |       |       |       ||     3
       War axe           |       |    65 |       |       |       ||    65
       Halberd           |       |       |   150 |   483 |   289 ||   922
Throw: Stone             |     8 |    15 |    13 |   121 |   103 ||   260
       Boomerang         |       |       |     7 |    43 |     2 ||    52
       Dart              |       |       |     2 |     2 |       ||     4
Invok: Trog's Hand       |       |       |     1 |     1 |     1 ||     3
       Berserk           |       |       |       |     2 |     1 ||     3
       Brothers in Arms  |       |       |       |       |     2 ||     2
  Use: Scroll            |       |       |     4 |    17 |       ||    21
       Potion            |       |       |       |     3 |     3 ||     6
Armor: Animal skin       |     8 |       |       |       |       ||     8
       Plate armour      |    20 |       |       |       |       ||    20
       Scale mail        |     9 |    54 |    68 |   160 |   119 ||   410
Dodge: Dodged            |    42 |    65 |   111 |   337 |   205 ||   760
